 Dungeon Crawl Stone Soup version 0.31-a0-233-g139696dc86 (webtiles) character file.

Game seed: 17718721880678553247

54 qw the Shooter (level 3, 0/21 HPs)
             Began as a Gargoyle Hexslinger on July 9, 2023.
             Slain by a goblin
             ... wielding a +0 club
             ... led by Robin
              (2 damage)
             ... on level 2 of the Dungeon.
             The game lasted 00:00:25 (845 turns).

qw the Shooter (Gargoyle Hexslinger)                 Turns: 845, Time: 00:00:25

Health: 0/21       AC:  5    Str: 11    XL:     3   Next: 91%
Magic:  4/4        EV: 12    Int: 13    God:
Gold:   25         SH:  0    Dex: 14    Spells: 3/4 levels left

rFire   . . .        Y - +2 sling
rCold   . . .        (no shield)
rNeg    + . .        c - +0 robe
rPois   inf          (no helmet)
rElec   +            (no cloak)
rCorr   .            (no gloves)
SInv    .            (no boots)
Will    .....        (no amulet)
Stlth   +            (no ring)
HPRegen 0.23/turn    (no ring)
MPRegen 0.09/turn

%: no passive effects
@: no status effects
A: sickness immunity, AC +3, negative energy resistance 1, electricity
resistance, torment resistance 1, petrification resistance
a: no special abilities


You were on level 2 of the Dungeon.
You visited 1 branch of the dungeon, and saw 2 of its levels.

You collected 25 gold pieces.


Innate Abilities, Weirdness & Mutations

You are immune to sickness and miasma.
Your stone body is resilient. (AC +3)
You are immune to poison.
You resist negative energy. (rN+)
You are resistant to electric shocks. (rElec)
You are resistant to unholy torment.
You are immune to petrification.


   Skills:
 - Level 2.0 Fighting
 + Level 3.7 Ranged Weapons
 - Level 1.5 Dodging
 - Level 1.0 Spellcasting
 - Level 2.6 Hexes


You had 3 spell levels left.
You knew the following spells:

 Your Spells              Type           Power      Damage    Failure   Level
a - Slow                  Hex            28%        N/A       10%         1

Your spell library contained the following spells:

 Spells                   Type           Power      Damage    Failure   Level
 Inner Flame              Hex/Fire       4%         N/A       43%         3
 Portal Projectile        Hex/Tloc       8%         N/A       43%         3
 Cause Fear               Hex            3%         N/A       67%         4

Inventory:

Hand Weapons
 Y - a +2 sling (weapon)
Armour
 c - a +0 robe (worn)
Scrolls
 a - a scroll of identify {unknown}
 b - a scroll of torment {unknown}
Potions
 d - a potion of haste {unknown}
 f - a potion of degeneration {unknown}

Dungeon Overview and Level Annotations

Branches:
Dungeon (2/15)

Altars:

Annotations:
D:2 Robin


Message History

835 ||| Stepping ~*~*~tactically~*~*~ (outnumbered).
You shoot a sling bullet. The sling bullet hits the goblin!
You kill the goblin!
You hear a shout! x3; You hear an angry hiss.
You shoot a sling bullet. The sling bullet hits the hobgoblin.
You kill the hobgoblin!
You shoot a sling bullet. The sling bullet hits the hobgoblin.
The hobgoblin is almost dead.
The hobgoblin closely misses you.
You shoot a sling bullet. The sling bullet hits the hobgoblin.
You kill the hobgoblin!
Robin throws the goblin at you! The goblin hits you with a +0 dagger.
The goblin hits you but does no damage.
You shoot a sling bullet.
The sling bullet closely misses the goblin.
The goblin hits you with a +0 dagger. The goblin hits you but does no damage.
Robin throws the goblin at you!
You shoot a sling bullet. The sling bullet hits the goblin.
The goblin is severely wounded.
The goblin hits you with a +0 club.
A goblin comes into view. It is wielding a +0 dagger.
The goblin barely misses you. The goblin closely misses you.
You shoot a sling bullet. The sling bullet hits the goblin.
You kill the goblin!
The goblin hits you with a +0 club.
Robin's bangles clink loudly.
Robin roars a battlecry!
The goblins go into a battle-frenzy!
The goblin hits you with a +0 dagger.
You shoot a sling bullet. The sling bullet hits the goblin!
You kill the goblin!
The goblin barely misses you. Robin throws the goblin at you!
The goblin misses you. The goblin hits you with a +0 dagger.
The goblin completely misses you. The goblin barely misses you.
844 ||| Stepping ~*~*~tactically~*~*~ (outnumbered).
The goblin hits you with a +0 club.
You shoot a sling bullet. The sling bullet misses the goblin.
The goblin closely misses you. The goblin barely misses you.
The goblin hits you with a +0 club.
You die...

### ..# ### #.# ..#
#.# #.# ## #.# #.#
##.## #.# #.#
##.#.####.# #.#
#.#g......###.#####
#@g)#####........<
##g## #.###.#....
#g# #.# ##.....
#.....g.....#
#..)..
....(...####.#
##..... ###g###.#
#...<.. # #.#
#...#....# #.#
##.##..### #.# #.
#...


You could see Robin, a hobgoblin (strong) and 3 goblins.

Vanquished Creatures
  2 dart slugs (D:1)
  5 ball pythons (D:1)
  4 bats (D:1)
  4 endoplasms
  2 giant cockroaches
  7 goblins
  5 hobgoblins
  7 jackals (D:1)
  2 kobolds (D:1)
  A frilled lizard (D:1)
  2 rats (D:1)
41 creatures vanquished.

Notes
Turn   | Place    | Note
-------+----------+-------------------------------------------
     0 | D:1      | qw the Gargoyle Hexslinger began the quest for the Orb.
     0 | D:1      | Reached XP level 1. HP: 12/12 MP: 2/2
     0 | D:1      | 0 ||| qw: Version: 0.3-a-51-g015441d
     0 | D:1      | 0 ||| qw: Game counter: 3996
     0 | D:1      | 0 ||| qw: Melee chars always use a shield: true
     0 | D:1      | 0 ||| qw: God list: Okawaru
     0 | D:1      | 0 ||| qw: Allow faded altars: false
     0 | D:1      | 0 ||| qw: Do Orc after clearing Dungeon:15 true
     0 | D:1      | 0 ||| qw: Do second Lair branch before Depths: true
     0 | D:1      | 0 ||| qw: Lair rune preference: random
     0 | D:1      | 0 ||| qw: Goals: Normal
     0 | D:1      | 0 ||| PLANNING D:1-11
    62 | D:1      | HP: 3/12 [jackal (1)]
    68 | D:1      | HP: 2/12 [bat (1)]
    73 | D:1      | HP: 1/12 [jackal (1)]
    75 | D:1      | Reached XP level 2. HP: 2/16 MP: 3/3
   183 | D:1      | Reached skill level 3 in Ranged Weapons
   217 | D:1      | Reached XP level 3. HP: 12/21 MP: 4/4
   766 | D:1      | 766 ||| READING scroll labelled JUW XIJ ASCHAT.
   771 | D:1      | 771 ||| READING scroll labelled PIYDAI HEUCW.
   772 | D:1      | 772 ||| READING scroll labelled WEIW RIYTO.
   773 | D:1      | 773 ||| DROPPING scroll of poison.
   834 | D:2      | Noticed Robin
   835 | D:2      | 835 ||| Stepping ~*~*~tactically~*~*~ (outnumbered).
   844 | D:2      | 844 ||| Stepping ~*~*~tactically~*~*~ (outnumbered).
   844 | D:2      | HP: 2/21 [goblin/+0 club[Robin] (6)]
   845 | D:2      | Slain by a goblin

Levels and vault maps discovered:
D:1:      minmay_arrival_five_plusses, layout_basic
D:2:      layout_loops_ring, minmay_goblin_outpost, uniq_robin, uniq_natasha,
          uniq_terence

Skill      XL: |  1  2  3 |
---------------+----------+-----
Ranged Weapons | 3 |  3.7
Fighting       | 2 |  2.0
Dodging        | |  1.5
Spellcasting   | |  1.0
Hexes          | |  2.6

Action                     || total
---------------------------++-------
   Fire: Sling             ||   120
    Use: Scroll            ||     3
 Armour: Robe              ||    50
  Dodge: Dodged            ||    73

Table legend:
 A = Non-vault XP
 B = Vault XP
 C = Vault XP percentage of total XP
 D = Non-vault monster count
 E = Vault monster count
 F = Vault count percentage of total count
                 A         B        C        D         E       F
            +---------+---------+-------+---------+---------+-------
      Total |      69 |       9 |  11.5 |      36 |       5 |  12.2
            +---------+---------+-------+---------+---------+-------
        D:1 |      63 |       0 |   0.0 |      33 |       0 |   0.0
        D:2 |       6 |       9 |  60.0 |       3 |       5 |  62.5
            +---------+---------+-------+---------+---------+-------
